[ AOE2 MATCH · #471370917 ]
1v1 RMBurgundians vs Tatars
Rival team · LOSS
[ REPLAY ANALYSIS · EXTRACTED FROM THE RECORDED GAME ]
Feudal
12:21
Castle
16:16
Imperial
—
| APM avg | 14.4 |
| APM peak | 44 |
| eAPM avg | 9.5 |
| Villagers / military | 74 / 17 |
Focus
⚔️ 16.4% · 🌾 83.6%
Knight ×13 · Coustillier ×4
Feudal
18:09
Castle
—
Imperial
—
| APM avg | 6.0 |
| APM peak | 22 |
| eAPM avg | 4.8 |
| Villagers / military | 15 / 14 |
Focus
⚔️ 17.2% · 🌾 82.8%
Archer ×6 · Spearman ×5 · Militia ×3
Match map
Initial resources + every placement click. Lines = walls · curves = elevation contours. ◆ gold · ⬟ stone · ● berries · ✦ relic · ◌ wall gap
Your base· ✓ Closed at 16:16 · 0t walls · 2 gate(s)
ButterKnife's base· ✓ Closed at 12:00 · 0t walls · 2 gate(s)
Smoothed initial terrain · ◌ = detected wall gap · hover for details
Inputs per minute
— CryAndDie - - ButterKnife
Build order — CryAndDie
First 150 of 153 actions detected
| 0:01 | Create | Villager (Male) |
| 0:01 | Create | Villager (Male) |
| 0:01 | Create | Villager (Male) |
| 0:03 | Build | House |
| 0:05 | Build | House |
| 0:58 | Create | Villager (Male) |
| 0:58 | Create | Villager (Male) |
| 1:24 | Create | Villager (Male) |
| 1:24 | Create | Villager (Male) |
| 1:49 | Build | Lumber Camp |
| 2:21 | Create | Villager (Male) |
| 2:21 | Create | Villager (Male) |
| 3:04 | Create | Villager (Male) |
| 3:24 | Create | Villager (Male) |
| 4:11 | Build | House |
| 4:13 | Build | House |
| 4:14 | Create | Villager (Male) |
| 4:14 | Create | Villager (Male) |
| 4:14 | Create | Villager (Male) |
| 4:54 | Build | Mill |
| 5:01 | Create | Villager (Male) |
| 5:01 | Create | Villager (Male) |
| 5:03 | Build | House |
| 5:22 | Create | Villager (Male) |
| 6:13 | Build | Farm |
| 6:20 | Create | Villager (Male) |
| 6:20 | Create | Villager (Male) |
| 6:20 | Create | Villager (Male) |
| 6:22 | Build | Farm |
| 6:28 | Research | Double-Bit Axe |
| 7:16 | Create | Villager (Male) |
| 7:17 | Create | Villager (Male) |
| 7:28 | Create | Villager (Male) |
| 8:00 | Create | Villager (Male) |
| 8:01 | Create | Villager (Male) |
| 8:02 | Create | Villager (Male) |
| 8:39 | Create | Villager (Male) |
| 8:40 | Create | Villager (Male) |
| 9:29 | Build | Mining Camp |
| 9:34 | Research | Feudal Age |
| 10:18 | Build | Mill |
| 10:36 | Build | Barracks |
| 10:48 | Create | Villager (Male) |
| 10:48 | Create | Villager (Male) |
| 10:49 | Create | Villager (Male) |
| 11:12 | Build | House |
| 12:21 | Age | Feudal Age |
| 12:28 | Build | Archery Range |
| 12:34 | Build | Blacksmith |
| 13:13 | Research | Horse Collar |
| 13:31 | Research | Castle Age |
| 13:45 | Research | Heavy Plow |
| 13:46 | Research | Heavy Plow |
| 14:30 | Build | Farm |
| 14:32 | Build | Farm |
| 14:33 | Build | Farm |
| 14:36 | Build | Farm |
| 14:38 | Build | Farm |
| 14:41 | Build | Farm |
| 14:43 | Build | Farm |
| 14:49 | Research | Bow Saw |
| 15:05 | Research | Wheelbarrow |
| 16:16 | Age | Castle Age |
| 16:20 | Build | Town Center |
| 16:25 | Build | Town Center |
| 16:37 | Research | Town Watch |
| 16:42 | Research | Stone Mining |
| 16:50 | Build | Farm |
| 16:51 | Build | Farm |
| 16:52 | Build | Farm |
| 17:00 | Build | Farm |
| 17:25 | Research | Gold Mining |
| 17:59 | Create | Villager (Male) |
| 17:59 | Create | Villager (Male) |
| 18:00 | Create | Villager (Male) |
| 18:00 | Create | Villager (Male) |
| 18:00 | Create | Villager (Male) |
| 18:18 | Build | Stable |
| 18:32 | Build | Lumber Camp |
| 18:34 | Create | Villager (Male) ×4 |
| 18:40 | Build | Farm |
| 18:43 | Build | Farm |
| 18:48 | Create | Villager (Male) ×2 |
| 19:08 | Build | Farm |
| 19:13 | Build | Farm |
| 19:19 | Create | Knight |
| 19:20 | Create | Knight |
| 19:28 | Build | Farm |
| 19:32 | Build | Farm |
| 19:48 | Create | Villager (Male) |
| 19:49 | Create | Villager (Male) |
| 19:49 | Create | Villager (Male) |
| 19:49 | Create | Villager (Male) |
| 20:06 | Create | Villager (Male) ×2 |
| 20:16 | Build | House |
| 20:18 | Build | House |
| 20:18 | Build | House |
| 20:18 | Build | House |
| 20:18 | Build | House |
| 20:19 | Build | House |
| 20:19 | Build | House |
| 20:19 | Build | House |
| 20:24 | Create | Knight |
| 20:24 | Create | Knight |
| 20:30 | Create | Villager (Male) ×3 |
| 20:57 | Research | Scale Barding Armor |
| 21:07 | Create | Knight |
| 21:23 | Create | Villager (Male) ×2 |
| 21:32 | Build | Farm |
| 21:34 | Build | Farm |
| 21:35 | Build | Farm |
| 21:36 | Build | Farm |
| 21:39 | Build | Farm |
| 21:40 | Build | Farm |
| 21:43 | Create | Villager (Male) |
| 21:43 | Create | Villager (Male) |
| 21:43 | Create | Villager (Male) |
| 21:49 | Create | Knight |
| 22:02 | Build | Stable |
| 22:07 | Research | Forging |
| 22:10 | Create | Villager (Male) ×2 |
| 22:19 | Create | Knight |
| 22:40 | Create | Villager (Male) ×3 |
| 22:53 | Build | Mill |
| 22:54 | Build | Farm |
| 22:55 | Build | Farm |
| 22:56 | Build | Farm |
| 22:57 | Build | Farm |
| 23:11 | Create | Villager (Male) ×5 |
| 23:16 | Create | Knight |
| 23:27 | Research | Iron Casting |
| 23:50 | Build | Castle |
| 23:59 | Create | Knight |
| 24:03 | Research | Husbandry |
| 24:04 | Research | Light Cavalry (upgrade) |
| 24:07 | Create | Villager (Male) ×3 |
| 24:25 | Build | Mining Camp |
| 24:40 | Create | Villager (Male) ×5 |
| 24:57 | Create | Knight |
| 25:02 | Research | Chain Barding Armor |
| 25:10 | Build | House |
| 25:11 | Build | House |
| 25:11 | Build | House |
| 25:11 | Build | House |
| 25:12 | Build | House |
| 25:29 | Create | Coustillier |
| 25:30 | Create | Coustillier |
| 25:39 | Create | Coustillier |
| 25:41 | Create | Knight |
| 25:41 | Create | Knight |
Build order — ButterKnife
44 actions detected in the replay
| 0:35 | Create | Villager (Male) |
| 1:08 | Build | House |
| 1:44 | Create | Villager (Male) |
| 1:44 | Create | Villager (Male) |
| 1:45 | Create | Villager (Male) |
| 2:00 | Build | House |
| 3:14 | Create | Villager (Male) |
| 3:26 | Build | Barracks |
| 5:17 | Build | Mining Camp |
| 5:48 | Create | Villager (Male) |
| 5:51 | Create | Villager (Male) |
| 5:52 | Create | Villager (Male) |
| 8:38 | Build | House |
| 9:29 | Build | Mining Camp |
| 10:13 | Create | Villager (Male) |
| 10:14 | Create | Villager (Male) |
| 10:14 | Create | Villager (Male) |
| 10:18 | Create | Militia |
| 10:18 | Create | Militia |
| 10:19 | Create | Militia |
| 12:56 | Create | Villager (Male) |
| 13:25 | Build | Lumber Camp |
| 14:30 | Research | Loom |
| 15:02 | Create | Villager (Male) |
| 15:59 | Research | Feudal Age |
| 17:06 | Build | House |
| 18:09 | Age | Feudal Age |
| 18:13 | Create | Villager (Male) |
| 18:43 | Build | Archery Range |
| 19:49 | Create | Archer |
| 19:50 | Create | Archer |
| 19:51 | Create | Archer |
| 19:51 | Create | Archer |
| 19:52 | Create | Archer |
| 19:53 | Create | Archer |
| 20:55 | Build | Watch Tower |
| 22:18 | Create | Villager (Male) |
| 22:57 | Build | House |
| 23:25 | Build | Mill |
| 25:15 | Create | Spearman |
| 25:15 | Create | Spearman |
| 25:15 | Create | Spearman |
| 25:16 | Create | Spearman |
| 25:16 | Create | Spearman |
Match timeline
| 3:26 | ButterKnife · first_building Barracks |
| 10:36 | CryAndDie · first_building Barracks |
| 12:21 | CryAndDie · age_up feudal |
| 12:28 | CryAndDie · first_building Archery Range |
| 16:16 | CryAndDie · age_up castle |
| 18:09 | ButterKnife · age_up feudal |
| 18:18 | CryAndDie · first_building Stable |
| 18:43 | ButterKnife · first_building Archery Range |
| 23:50 | CryAndDie · first_building Castle |
| 26:11 | ButterKnife · resign |
[ AI ANALYSIS · 1 CREDIT ]
What really happened in this match?
Wolo.gg analyzes every decision: build order, eco, micro, common mistakes by bracket. Personalized analysis on WhatsApp or Discord in 30 seconds.
Civ guide
Burgundians
Map guide
Arena
Perfil
Jugador #549421